 Dungeon Crawl Stone Soup version 0.29.1-1-gd02db6906a (webtiles) character file.

Game seed: 12161918314842525582

548 MisterFreud the Twirler (level 7, -6/51 HPs)
             Began as a Formicid Gladiator on Oct 9, 2022.
             Mangled by a gnoll sergeant
             ... wielding a +0 spear
              (9 damage)
             ... on level 11 of the Dungeon.
             The game lasted 00:04:36 (2435 turns).

MisterFreud the Twirler (Formicid Gladiator)        Turns: 2435, Time: 00:04:36

Health: -6/51      AC:  6    Str: 21    XL:     7   Next: 53%
Magic:  7/7        EV: 12    Int: 11    God:
Gold:   110        SH:  0    Dex: 15    Spells: 6/6 levels left

rFire   . . .      SeeInvis +   r - +10 mace "Udumyshrobru" {vorpal, Int+4}
rCold   . . .      Faith    .   (no shield)
rNeg    . . .      Spirit   .   b - +0 leather armour
rPois   .          Reflect  .   (helmet unavailable)
rElec   .          Harm     .   l - +2 cloak {rCorr}
rCorr   +          Rampage  .   (no gloves)
Will    .....                   (no boots)
Stlth   +.........              s - amulet of regeneration
HPRegen 0.97/turn               (no ring)
MPRegen 0.10/turn               (no ring)

@: no status effects
A: permanent stasis, dig shafts and tunnels, antennae 3, four strong arms
a: Dig, Shaft Self


You were on level 11 of the Dungeon.
You visited 1 branch of the dungeon, and saw 8 of its levels.

You collected 110 gold pieces.

Inventory:

Hand Weapons
 a - a +0 quarterstaff
 r - the +10 mace "Udumyshrobru" (weapon) {vorpal, Int+4}
   (You found it on level 8 of the Dungeon)

   It inflicts extra damage upon your enemies.
   Int:       It affects your intelligence (+4).
Missiles
 c - 3 throwing nets (quivered)
 d - a javelin
 n - a curare-tipped dart
 o - 8 poisoned darts
Armour
 b - a +0 leather armour (worn)
 l - a +2 cloak of preservation (worn)
Jewellery
 j - a ring of ice
 k - an amulet of faith
 s - an amulet of regeneration (around neck)
Wands
 p - a wand of iceblast (3)
 q - a wand of charming (3)
Potions
 e - a potion of curing
 f - a potion of attraction
 g - a potion of invisibility {unknown}
 h - a potion of flight {unknown}
 i - a potion of magic
 m - a potion of lignification {unknown}


   Skills:
 - Level 2.6 Fighting
 + Level 5.0(6.4) Maces & Flails
 - Level 6.0(6.8) Staves
 - Level 2.0 Throwing
 - Level 2.6 Dodging


You had 6 spell levels left.
You didn't know any spells.
Your spell library was empty.

Dungeon Overview and Level Annotations

Branches:
Dungeon (9/15)
 Temple: D:4-7         Lair: D:8-11         Orc: D:9-12

Altars:
Vehumet

Annotations:
D:3 Robin


Innate Abilities, Weirdness & Mutations

You cannot be hasted, slowed, berserked, paralysed or teleported.
You can dig through walls and to a lower floor.
You have a pair of large antennae on your head. (SInv)
Your four strong arms can wield two-handed weapons with a shield.


Message History

You sock the vampire!
You destroy the vampire!
Your base Maces & Flails skill gained 2 levels and is now at level 5!
A gnoll comes into view.
It is wielding a +0 flail. 2 gnolls come into view.
Found 16 gold pieces.
Found a stone staircase leading down.
A gnoll sergeant comes into view. It is wielding a +0 spear.
The gnoll sergeant shouts!
The gnoll shouts!
You hear a shout!
The gnoll closely misses you. The gnoll misses you.
A gnoll comes into view. It is wielding a +0 club.
The gnoll barely misses you.
The gnoll hits you from afar with a +0 halberd.
You barely miss the gnoll. The gnoll closely misses you.
A gnoll comes into view. It is wielding a +0 flail.
The gnoll hits you from afar with a +0 halberd!
You sock the gnoll!
The gnoll is severely wounded.
The gnoll hits you with a +0 flail.
The gnoll hits you from afar with a +0 halberd!
* * * LOW HITPOINT WARNING * * *
You hit the gnoll but do no damage.
The gnoll is severely wounded.
The gnoll hits you with a +0 flail.
* * * LOW HITPOINT WARNING * * *
The gnoll hits you from afar with a +0 halberd!
* * * LOW HITPOINT WARNING * * *
The gnoll shouts!
You thump the gnoll!
You kill the gnoll!
The gnoll hits you from afar with a +0 halberd.
* * * LOW HITPOINT WARNING * * *
Unknown command.
Unknown command.
Unknown command.
Are you sure you want to shaft yourself?
The gnoll sergeant closely misses you.
You begin to dig a shaft.
You continue digging a shaft.
The gnoll sergeant hits you from afar with a +0 spear!
You die...

#.# #.# #.# #.# ### ##.# #..
..########### #$#
#.#..........
..#####g#########.#..#######.
#......gggg)@.....#..# #.
........########.....# #.
###.##..# #...>....# #. #
#..# #.##.....# #. .>.. ..
.......# #. ....# #.
.###....# #. ###..# #..
#.#### #..# . #.# ..#


You could see a gnoll sergeant and 4 gnolls.

Vanquished Creatures
  A shadow (D:11)
  A vampire (D:11)
  A kobold brigand (D:9)
  A bullfrog (D:7)
  An orc priest (D:8)
  An orc wizard (D:11)
  A gnoll (D:11)
  An adder (D:3)
  2 orcs (D:11)
  2 endoplasms
  2 giant cockroaches
  5 goblins
  4 hobgoblins
  7 kobolds
  3 quokkas (D:1)
  4 ball pythons (D:1)
  3 bats (D:1)
  3 frilled lizards (D:1)
  A rat (D:3)
44 creatures vanquished.

Notes
Turn   | Place    | Note
-------+----------+-------------------------------------------
     0 | D:1      | MisterFreud the Formicid Gladiator began the quest for the
                  | Orb.
     0 | D:1      | Reached XP level 1. HP: 16/16 MP: 1/1
   216 | D:1      | Reached XP level 2. HP: 22/22 MP: 2/2
   222 | D:1      | Found a faded altar of an unknown god.
   628 | D:1      | Reached skill level 4 in Staves
   628 | D:1      | Reached XP level 3. HP: 13/27 MP: 3/3
   964 | D:2      | HP: 1/27 [quokka (1)]
   972 | D:2      | You fall into a shaft and drop 1 floor!
  1463 | D:3      | Noticed Robin
  1477 | D:4      | Noticed an ogre
  1483 | D:4      | You fall into a shaft and drop 3 floors!
  1577 | D:8      | Noticed a necrophage
  1624 | D:7      | Noticed a bullfrog
  1634 | D:7      | Killed a bullfrog
  1635 | D:7      | Reached skill level 5 in Staves
  1635 | D:7      | Reached XP level 4. HP: 14/33 MP: 4/4
  1635 | D:7      | Reached XP level 5. HP: 16/38 MP: 5/5
  1635 | D:7      | Found a radiant altar of Vehumet.
  1646 | D:7      | Noticed a water moccasin
  1665 | D:7      | You fall into a shaft and drop 2 floors!
  1896 | D:9      | Noticed a kobold brigand
  1905 | D:9      | Killed a kobold brigand
  1906 | D:9      | Reached skill level 6 in Staves
  1906 | D:9      | Noticed a hornet
  1975 | D:8      | Identified the +10 mace "Udumyshrobru" {vorpal, Int+4}
  2020 | D:8      | Noticed an orc warrior
  2032 | D:8      | Reached skill level 1 in Maces & Flails
  2032 | D:8      | Reached XP level 6. HP: 14/46 MP: 6/6
  2035 | D:8      | Noticed a yak
  2035 | D:8      | Noticed a yak
  2035 | D:8      | Noticed a yak
  2038 | D:8      | HP: 1/46 [yak (14)]
  2039 | D:8      | You fall into a shaft and drop 3 floors!
  2392 | D:11     | Noticed a shadow
  2397 | D:11     | Killed a shadow
  2398 | D:11     | Reached XP level 7. HP: 50/51 MP: 7/7
  2401 | D:11     | Noticed a vampire
  2408 | D:11     | Killed a vampire
  2409 | D:11     | Reached skill level 5 in Maces & Flails
  2433 | D:11     | HP: 2/51 [gnoll/+0 halberd[a gnoll sergeant] (4)]
  2435 | D:11     | Mangled by a gnoll sergeant

Illustrated notes

Levels and vault maps discovered:
D:1:      lemuel_arrival_hallway, layout_loops_ring,
          shapermc_ecumenical_altar_notcrosses, minmay_cut_off
D:2:      layout_loops_ring
D:3:      layout_loops_ring, minmay_quantized, uniq_robin
D:4:      kennysheep_goblin_castle, layout_rooms, serial_shops,
          nicolae_take_the_stairs, uniq_pikel
D:7:      layout_basic, cheibriados_altar_1, nicolae_vehumet_radiance,
          enter_bailey_4, enter_ossuary_2
D:8:      layout_cave_pods
D:9:      layout_cave_pools, serial_shops, shop, hangedman_tell_no_tales
D:11:     layout_loops_ring, nicolae_diode_intersection, uniq_fannar,
          uniq_amaemon, uniq_urug

Skill      XL: |  1  2  3  4  5  6  7 |
---------------+----------------------+-----
Staves         | 4 5 6 |  6.0
Maces & Flails | 1 3 5 |  5.0
Fighting       | |  2.6
Throwing       | |  2.0
Dodging        | |  2.6

Action                   |  1- 3 |  4- 6 |  7- 9 || total
-------------------------+-------+-------+-------++-------
Melee: Quarterstaff      |   106 |    20 |       ||   126
       Punch             |     1 |       |       ||     1
       Mace              |       |    11 |     9 ||    20
 Abil: Shaft Self        |     2 |     2 |     1 ||     5
       Dig               |     1 |       |       ||     1
Evoke: Wand              |       |     2 |       ||     2
  Use: Scroll            |     1 |     3 |       ||     4
       Potion            |     1 |     4 |       ||     5
Armor: Leather armour    |    32 |    16 |     3 ||    51
Dodge: Dodged            |    95 |    29 |     6 ||   130
